 Dungeon Crawl Stone Soup version 0.29.1-2-gbd0b4ee654 (webtiles) character file.

Game seed: 10184264995978971193

49 hawla the Chucker (level 3, 0/26 HPs)
             Began as a Gnoll Wanderer on Nov 21, 2022.
             Succumbed to an adder's poison
             ... on level 2 of the Dungeon.
             The game lasted 00:04:03 (1721 turns).

hawla the Chucker (Gnoll Wanderer)                  Turns: 1721, Time: 00:04:04

Health: 0/26       AC:  4    Str:  7    XL:     3   Next: 75%
Magic:  5/7        EV: 11    Int: 14    God:
Gold:   26         SH:  0    Dex: 14    Spells: 6/7 levels left

rFire   . . .      SeeInvis .   a - +0 quarterstaff
rCold   . . .      Faith    .   (shield currently unavailable)
rNeg    . . .      Spirit   .   e - +1 robe
rPois   .          Reflect  .   k - +0 hat
rElec   .          Harm     .   (no cloak)
rCorr   +          Rampage  .   h - +0 pair of gloves
Will    .....                   (no boots)
Stlth   ++........              (no amulet)
HPRegen 0.08/turn               i - ring of resist corrosion
MPRegen 0.10/turn               (no ring)

@: lethally poisoned (0 -> -6)
A: fangs 1, strong nose, distributed training
a: no special abilities


You were on level 2 of the Dungeon.
You visited 1 branch of the dungeon, and saw 2 of its levels.

You collected 37 gold pieces.
You spent 11 gold pieces at shops.

Inventory:

Hand Weapons
 a - a +0 quarterstaff (weapon)
 c - a +0 dagger
Missiles
 b - 7 boomerangs (quivered)
Armour
 e - a +1 robe (worn)
 h - a +0 pair of gloves (worn)
 k - a +0 hat (worn)
Jewellery
 i - a ring of resist corrosion (left hand)
Scrolls
 d - a scroll of blinking
 g - a scroll of fog
 j - a scroll of magic mapping
 l - a scroll of immolation


   Skills:
 + Level 1.0 Fighting
 + Level 1.0 Short Blades
 + Level 1.0 Long Blades
 + Level 1.0 Axes
 + Level 1.0 Maces & Flails
 + Level 1.0 Polearms
 + Level 4.6 Staves
 + Level 1.0 Ranged Weapons
 + Level 6.5 Throwing
 + Level 1.0 Armour
 + Level 1.0 Dodging
 + Level 2.4 Stealth
 + Level 1.0 Shields
 + Level 1.0 Unarmed Combat
 + Level 2.9 Spellcasting
 + Level 0.7 Conjurations
 + Level 0.7 Hexes
 + Level 5.4 Summonings
 + Level 0.7 Necromancy
 + Level 0.7 Translocations
 + Level 0.7 Transmutations
 + Level 0.7 Fire Magic
 + Level 0.7 Ice Magic
 + Level 0.7 Air Magic
 + Level 0.7 Earth Magic
 + Level 0.7 Poison Magic
 + Level 1.0 Invocations
 + Level 1.0 Evocations


You had 6 spell levels left.
You knew the following spells:

 Your Spells              Type           Power      Damage    Failure   Level
a - Summon Small Mammal   Summ           68%        N/A       2%          1

Your spell library contained the following spells:

 Spells                   Type           Power      Damage    Failure   Level
 Call Imp                 Summ           17%        N/A       3%          2
 Call Canine Familiar     Summ           17%        N/A       7%          3
 Magic Dart               Conj           16%        1d3       16%         1
 Searing Ray              Conj           8%         2d4       24%         2
 Fulminant Prism          Conj/Hex       2%         3d6       85%         4


Dungeon Overview and Level Annotations

Branches:
Dungeon (2/15)

Altars:

Shops:
D:1 !


Innate Abilities, Weirdness & Mutations

You have very sharp teeth.
Your uncanny sense of smell can sniff out nearby items.
Your experience applies equally to all skills.


Message History

You feel sick. The adder barely misses you. The adder misses you.
You barely miss the adder.
The adder is severely wounded.
You feel sick. The adder closely misses you.
Casting: Summon Small Mammal (safe; 2% risk of failure)
Confirm with . or Enter, or press ? or * to list all spells.
You feel sick. The adder closely misses you.
Casting: Summon Small Mammal (safe; 2% risk of failure)
Confirm with . or Enter, or press ? or * to list all spells.
You feel sick.
The adder bites you but does no damage. x2
You hit the adder but do no damage.
The adder is severely wounded.
You feel sick. The adder barely misses you.
Your rat closely misses the adder.
You miss the adder.
The adder is severely wounded.
You feel sick.
You are no longer poisoned.
The adder closely misses you.
Your rat closely misses the adder.
You barely miss the adder. You bite the adder, but do no damage.
The adder is severely wounded.
The adder bites you.
Your rat bites the adder.
The adder closely misses your rat.
You barely miss the adder. Your bite misses the adder.
The adder is almost dead.
The adder bites you.
* * * LOW HITPOINT WARNING * * *
You are lethally poisoned!
The adder poisons you!
Your rat misses the adder. You miss the adder.
The adder is almost dead.
* * * LOW HITPOINT WARNING * * *
You feel sick. The adder bites you.
* * * LOW HITPOINT WARNING * * *
Your rat bites the adder but does no damage.
The adder closely misses you.
You aren't carrying any potions.
As you read the scroll labelled WUSEQOTAMP, it crumbles to dust.
It is a scroll of enchant armour.
Your +0 robe glows green for a moment.
You die...

,,,,,,*,,,,,,,,,,,* #...#
,,,,,,*,,,,,,.....* #...#
,,,,,,*,,....,....* #...# ##
,,,,,,*,,....,...#######...#####.
,,,,,,*,,.....,.....[......##....
,,,,,,,,,.....,..#######...##....
,,,,,,,,,......#.# #...##....
,,,,,******#...#S# #......#..
,,,,,* #...r@#######.........
,**,,*** #.#..r.(..##........!.
,,,,,,,** **,#...###.##..........
**,,,,,,***,,##..# #.............
,,,,,**,,**,**##.# ####.......###
,,**,***,,,,***#.# #.......#*#
*,,,,*****#....#.#****##........#
,**,,,,,,.........,,,,,........##
,,,**,,,.#........,****.........#


You could see an adder (ally target), a friendly quokka (summoned) and a
friendly rat (summoned).

Vanquished Creatures
  4 ball pythons
  2 endoplasms (D:1)
  4 goblins
  4 hobgoblins
  A quokka (D:1)
  4 bats (D:1)
  2 frilled lizards
  5 kobolds (D:1)
  5 rats
31 creatures vanquished.

Vanquished Creatures (collateral kills)
  An adder (D:2)
  A dart slug (D:2)
  A goblin (D:1)
  A quokka (D:1)
  A frilled lizard (D:2)
  3 rats (D:1)
8 creatures vanquished.

Grand Total: 39 creatures vanquished

Notes
Turn   | Place    | Note
-------+----------+-------------------------------------------
     0 | D:1      | hawla the Gnoll Wanderer began the quest for the Orb.
     0 | D:1      | hawla set off with the following items: a +0 quarterstaff,
                  | 7 boomerangs, a +0 dagger, a scroll of blinking, a +0 robe;
                  | and the following spell memorised: Summon Small Mammal; and
                  | the following spells available to memorise: Call Imp, Call
                  | Canine Familiar.
     0 | D:1      | Reached XP level 1. HP: 13/13 MP: 4/4
   285 | D:1      | Reached XP level 2. HP: 19/19 MP: 2/5
   546 | D:1      | Found a faded altar of an unknown god.
   857 | D:1      | Reached XP level 3. HP: 17/25 MP: 4/7
  1205 | D:1      | Found Oxzez's Distillery.
  1213 | D:1      | Bought a potion of degeneration for 11 gold pieces
  1415 | D:2      | Reached skill level 1 in Invocations
  1549 | D:2      | Reached skill level 1 in Fighting
  1549 | D:2      | Reached skill level 1 in Short Blades
  1549 | D:2      | Reached skill level 1 in Long Blades
  1549 | D:2      | Reached skill level 1 in Axes
  1549 | D:2      | Reached skill level 1 in Maces & Flails
  1549 | D:2      | Reached skill level 1 in Polearms
  1549 | D:2      | Reached skill level 1 in Ranged Weapons
  1549 | D:2      | Reached skill level 1 in Armour
  1549 | D:2      | Reached skill level 1 in Dodging
  1549 | D:2      | Reached skill level 1 in Shields
  1549 | D:2      | Reached skill level 1 in Unarmed Combat
  1549 | D:2      | Reached skill level 1 in Evocations
  1720 | D:2      | HP: 1/26 [adder (4)]
  1721 | D:2      | Succumbed to an adder's poison

Illustrated notes

Levels and vault maps discovered:
D:1:      elethiomel_arrival_diamonds, layout_basic,
          ebering_ecumenical_altar_webs, serial_shops,
          nicolae_shop_competitors_out_of_business, minmay_tromino_v4_b
D:2:      layout_rooms, hangedman_decor_peaks_small, hangedman_decor_growths

Skill      XL: |  1  2  3 |
---------------+----------+-----
Invocations    | 1 |  1.0
Fighting       | 1 |  1.0
Short Blades   | 1 |  1.0
Long Blades    | 1 |  1.0
Axes           | 1 |  1.0
Maces & Flails | 1 |  1.0
Polearms       | 1 |  1.0
Ranged Weapons | 1 |  1.0
Armour         | 1 |  1.0
Dodging        | 1 |  1.0
Shields        | 1 |  1.0
Unarmed Combat | 1 |  1.0
Evocations     | 1 |  1.0
Staves         | |  4.6
Throwing       | |  6.5
Stealth        | |  2.4
Spellcasting   | |  2.9
Conjurations   | |  0.7
Hexes          | |  0.7
Summonings     | |  5.4
Necromancy     | |  0.7
Translocations | |  0.7
Transmutations | |  0.7
Fire Magic     | |  0.7
Ice Magic      | |  0.7
Air Magic      | |  0.7
Earth Magic    | |  0.7
Poison Magic   | |  0.7

Action                   || total
-------------------------++-------
Melee: Quarterstaff      ||    81
       Bite              ||     6
 Cast: Summon Small Mamm ||    13
  Use: Scroll            ||     4
 Stab: Sleeping          ||     5
Armor: Robe              ||    21
Dodge: Dodged            ||    48
